 Dungeon Crawl Stone Soup version 0.23.0 (webtiles) character file.

Game seed: 15425683557660548239

38486 Firecrotchwizard the Bludgeoner (level 14, -11/92 HPs)
             Began as a Gargoyle Fighter on Feb 19, 2019.
             Was an Elder of Makhleb.
             Mangled by a catoblepas (18 damage)
             ... on level 6 of the Lair of Beasts.
             The game lasted 00:26:24 (14732 turns).

Firecrotchwizard the Bludgeoner (Gargoyle Fighter) Turns: 14732, Time: 00:26:24

Health: -11/92     AC: 28    Str: 36    XL:     14   Next: 2%
Magic:  21/21      EV:  7    Int: 11    God:    Makhleb [****..]
Gold:   646        SH: 21    Dex:  7    Spells: 13/13 levels left

rFire    + . .     SeeInvis .   p - +3 morningstar
rCold    + . .     Gourm    .   P - +0 large shield
rNeg     + . .     Faith    .   H - +4 scale mail of the Vaults {Str+9 Dex-3}
rPois    ∞         Spirit   .   A - +0 helmet
rElec    +         Reflect  .   u - scarf {rC+ rF+}
rCorr    .         Harm     .   I - +2 pair of gloves
MR       +....                  t - +2 pair of boots
Stlth    ..........             (no amulet)
HPRegen  0.25/turn              (no ring)
MPRegen  0.17/turn              l - +5 ring of strength

@: no status effects
A: big wings, negative energy resistance 1, electricity resistance, unbreathing,
petrification resistance, rot immunity, AC +10
a: Fly, Minor Destruction, Lesser Servant of Makhleb, Major Destruction,
Renounce Religion


You were on level 6 of the Lair of Beasts.
You worshipped Makhleb.
Makhleb was greatly pleased with you.
You were hungry.

You visited 3 branches of the dungeon, and saw 17 of its levels.

You collected 1093 gold pieces.
You spent 447 gold pieces at shops.

Inventory:

Hand Weapons
 p - a +3 morningstar (weapon)
   (You bought it in a shop on level 10 of the Dungeon)
 y - a +1 whip of electrocution
   (You found it on level 4 of the Dungeon)
Armour
 c - a +0 shield
 t - a +2 pair of boots (worn)
   (You found it on level 2 of the Dungeon)
 u - a scarf of resistance (worn)
   (You found it on level 3 of the Lair of Beasts)
 A - a +0 helmet (worn)
   (You found it on level 10 of the Dungeon)
 H - the +4 scale mail of the Vaults (worn) {Str+9 Dex-3}
   (You found it on level 7 of the Dungeon)

   It affects your strength (+9).
   It affects your dexterity (-3).
 I - a +2 pair of gloves (worn)
   (You found it on level 6 of the Dungeon)
 K - a +0 cloak
   (You took it off Maurice on level 8 of the Dungeon)
 P - a +0 large shield (worn)
   (You found it on level 2 of the Lair of Beasts)
Magical Staves
 M - an uncursed staff of poison {unknown}
   (You found it on level 10 of the Dungeon)
Jewellery
 b - an uncursed ring of protection from magic {MR+, !d}
   (You found it on level 9 of the Dungeon)
 l - a +5 ring of strength (right hand)
   (You found it on level 1 of the Dungeon)
 G - an uncursed ring of positive energy {rN+}
   (You found it on level 6 of the Dungeon)
 J - a +4 ring of strength
   (You found it on level 10 of the Dungeon)
 N - an uncursed ring of protection from fire {rF+, !d}
   (You found it on level 1 of the Lair of Beasts)
 R - an uncursed ring of ice {rC+, rF-}
   (You took it off Fannar on level 2 of the Lair of Beasts)
 X - an uncursed ring of wizardry {unknown}
   (You found it on level 6 of the Lair of Beasts)
Wands
 a - a wand of disintegration (9)
   (You found it on level 10 of the Dungeon)
 v - a wand of iceblast (29)
   (You found it on level 3 of the Dungeon)
 B - a wand of flame (27)
   (You found it on level 10 of the Dungeon)
 D - a wand of digging (6)
   (You found it on level 5 of the Dungeon)
 O - a wand of clouds (5)
   (You found it on level 2 of the Lair of Beasts)
 S - a wand of random effects (12)
   (You found it on level 5 of the Lair of Beasts)
Scrolls
 i - 6 scrolls of teleportation
 j - a scroll of immolation {unknown}
 m - 3 scrolls of remove curse
 o - 4 scrolls of enchant weapon
 r - 3 scrolls of fog
 s - 13 scrolls of identify
 C - a scroll of amnesia
 F - a scroll of magic mapping {!r}
 T - a scroll of enchant armour
 U - 2 scrolls of fear
Potions
 d - 6 potions of might
 e - 3 potions of lignification {unknown}
 g - 2 potions of degeneration {unknown}
 h - 2 potions of flight {unknown}
 k - 2 potions of invisibility {unknown}
 n - 6 potions of agility
 q - 7 potions of curing
 w - 4 potions of haste {unknown}
 x - 2 potions of brilliance
 z - 2 potions of heal wounds {unknown}
 E - 3 potions of ambrosia
 L - 3 potions of resistance {unknown}
 Q - a potion of magic {unknown}
Miscellaneous
 V - a sack of spiders
Comestibles
 f - 21 rations
 W - 29 chunks of flesh {@w0}


   Skills:
 + Level 12.4 Fighting
 * Level 15.2 Maces & Flails
 - Level 3.2 Armour
 + Level 12.4 Shields
 + Level 9.4 Invocations


You had 13 spell levels left.
You didn't know any spells.
Your spell library contained the following spells:

 Spells                   Type           Power        Failure   Level  Hunger
 Beastly Appendage        Tmut           #.....       97%         1    ##.....
 Magic Dart               Conj           #...         97%         1    ##.....
 Summon Small Mammal      Summ           #...         97%         1    ##.....
 Blink                    Tloc           N/A          99%         2    ###....
 Call Imp                 Summ           #.......     99%         2    ###....
 Poisonous Vapours        Pois/Air       #.....       99%         2    ###....
 Slow                     Hex            #.......     99%         2    ###....
 Sticks to Snakes         Tmut           #.......     99%         2    ###....
 Call Canine Familiar     Summ           #.......     100%        3    ####...
 Conjure Flame            Conj/Fire      #.......     100%        3    ####...
 Mephitic Cloud           Conj/Pois/Air  #.......     100%        3    ####...
 Spider Form              Tmut/Pois      #.........   100%        3    ####...
 Summon Guardian Golem    Hex/Summ       #.......     100%        3    ####...
 Ice Form                 Ice/Tmut       #.......     100%        4    #####..
 Summon Ice Beast         Ice/Summ       #.......     100%        4    #####..
 Summon Lightning Spire   Summ/Air       #.......     100%        4    #####..
 Blade Hands              Tmut           #.........   100%        5    ######.
 Freezing Cloud           Conj/Ice/Air   #.........   100%        6    #######
 Ring of Flames           Chrm/Fire      #.........   100%        7    #######


Dungeon Overview and Level Annotations

Branches:
Dungeon (10/15)            Temple (1/1) D:5            Lair (6/6) D:8
 Shoals (0/4) Lair:4        Snake (0/4) Lair:2        Slime (0/5) Lair:5
    Orc (0/2) D:10

Altars:
Cheibriados
Elyvilon
Fedhas
Makhleb
Nemelex Xobeh
Qazlal
Ru
Trog
Uskayaw
Vehumet
Xom
Yredelemnul
Zin
The Shining One
Jiyva

Shops:
D:10 [(

Annotations:
D:3 1 exclusion
D:5 3 runed translucent doors, PixelatedCat's ghost, novice OpFi
D:10 1 runed translucent door
Lair:2 3 runed translucent doors, Elebi's ghost, journeyman DrTm; Fiulat's ghost, journeyman DsBe; Gorgoleon's ghost, journeyman MiBe; luxidream's ghost, journeyman HuAK


Innate Abilities, Weirdness & Mutations

You are resistant to torment.
Your stone body is resilient. (AC +10)
You are immune to poison.
Your large and strong wings let you fly indefinitely.
You resist negative energy. (rN+)
You are resistant to electric shocks. (rElec)
You can survive without breathing.
You are immune to petrification.
You are immune to rotting.


Message History

You impale the death yak!! You block the death yak's attack.
The death yak closely misses you.
You completely miss the death yak. You block the death yak's attack. x2
The death yak gores you.
You take 5 damage, and have 59/87 hp.
You sock the death yak! The death yak gores you!
The death yak gores you but does no damage.
The death yak gores you!
You take 18 damage, and have 41/87 hp.
MASSIVE DAMAGE!!
You bludgeon the death yak!!
You kill the death yak!
Makhleb accepts your kill.
You feel better. You block the death yak's attack. The death yak gores you!
You regained 11 hp, and now have 52/87 hp.
A demon appears!
The death yak barely misses you. You block the death yak's attack.
You take 3 damage, and have 49/87 hp.
You barely miss the death yak. You block the death yak's attack.
You hit the death yak but do no damage. You block the death yak's attack.
Your smoke demon gestures at the death yak.
The ball of steam hits the death yak!
A catoblepas comes into view.
You catch the helpless death yak completely off-guard!
You puncture the death yak!
The catoblepas bellows!
The death yak gores you!
The death yak gores you but does no damage.
Your smoke demon hits the death yak.
Your smoke demon hits the death yak but does no damage.
Your smoke demon hits the death yak.
You take 13 damage, and have 36/87 hp.
You barely miss the death yak. You block the death yak's attack.
The death yak gores you but does no damage.
Your smoke demon barely misses the death yak. x2
Your smoke demon hits the death yak but does no damage.
You hit the death yak but do no damage. The death yak gores you!
* * * LOW HITPOINT WARNING * * *
You block the death yak's attack.
Your smoke demon hits the death yak but does no damage.
Your smoke demon barely misses the death yak.
Your smoke demon hits the death yak but does no damage.
You take 14 damage, and have 22/87 hp.
MP restored: 20 You hit the death yak.
You block the death yak's attack.
You are feeling hungry.
Your shield prevents you from hitting the death yak.
You block the death yak's attack.
Your smoke demon gestures at the death yak.
The ball of steam hits the death yak!
You puncture the death yak! You block the death yak's attack.
The death yak is engulfed in a cloud of scalding steam.
You block the death yak's attack.
Your smoke demon hits the death yak but does no damage. x2
Your smoke demon hits the death yak.
You impale the death yak!!
You kill the death yak!
Makhleb accepts your kill.
You feel better.
You have reached level 14!
Your wings grow larger and stronger.
The catoblepas breathes a plume of calcifying dust at you.
The blast of calcifying dust hits the death yak!
The blast of calcifying dust hits you but does no damage.
The death yak is engulfed in a cloud of scalding steam.
The death yak gores you!
Your smoke demon gestures at the death yak.
The death yak is smitten.
You regained 8 hp, and now have 30/92 hp.
MP restored: 21 The death yak is engulfed in a cloud of scalding steam.
The death yak gores you!
* * * LOW HITPOINT WARNING * * *
Your smoke demon gestures at the death yak.
The death yak is smitten.
Things that are here:
a death yak corpse x2
You take 10 damage, and have 20/92 hp.
You sock the death yak! The catoblepas gores you!
* * * LOW HITPOINT WARNING * * *
You block the death yak's attack.
You take 14 damage, and have 6/92 hp.
You hit the death yak but do no damage.
Your smoke demon gestures at the death yak.
The ball of steam hits the death yak.
You block the catoblepas's attack.
The death yak is engulfed in a cloud of scalding steam.
You block the death yak's attack.
You puncture the death yak!
You kill the death yak!
Makhleb accepts your kill.
The plant is engulfed in a cloud of scalding steam.
You block the catoblepas's attack.
The catoblepas breathes a plume of calcifying dust at you.
The blast of calcifying dust hits you but does no damage.
You see here a death yak corpse.
You hit the catoblepas.
Your smoke demon hits the catoblepas but does no damage.
Your smoke demon hits the catoblepas. x2
The catoblepas gores you!!
You die...

#....♣# #.....#
##..÷.## ##...P#
. ##...### .#
#P....### #.#
##P...P.## ...##
##....3Y##..P.P#
###..§§@......#
########P..## .#


You could see a catoblepas and a friendly smoke demon.

Vanquished Creatures
  Snorg (Lair:3)
  Fannar (Lair:2)
  The ghost of Foxy the Transmogrifier, a journeyman MfTm of Makhleb (Lair:1)
  3 hydras
  8 death yaks
  Maurice (D:8)
  18 elephants
  5 black mambas
  A gargoyle (D:10)
  The ghost of RenamonSenpai the Purveyor of Pain, a novice DrNe of Kikubaaqudgha (D:6)
  6 spiny frogs
  2 komodo dragons
  A rime drake (Lair:6)
  A queen bee (D:9)
  2 trolls (D:10)
  3 polar bears
  A hornet (D:10)
  5 hippogriffs
  4 dream sheep (Lair:6)
  Sigmund (D:6)
  11 yaks
  3 wraiths
  A wyvern (Lair:3)
  2 hungry ghosts (D:7)
  Grum (D:8)
  2 basilisks
  4 nagas (Lair:2)
  Menkaure (D:6)
  3 wargs
  7 water moccasins
  13 porcupines
  2 phantoms
  3 sky beasts
  3 black bears
  A necrophage (D:8)
  6 ice beasts
  7 orc warriors
  7 ogres
  12 crocodiles
  7 wolves
  3 centaurs
  13 bullfrogs
  2 gnoll sergeants
  An elf skeleton (D:8)
  A wyvern skeleton (D:8)
  2 scorpions
  30 killer bees
  3 wights (D:8)
  An electric eel (D:9)
  2 crimson imps
  A howler monkey (D:7)
  2 bullfrog zombies (D:5)
  2 quasits (D:9)
  4 human zombies (D:8)
  2 jellies
  A centaur zombie (D:8)
  3 bullfrog skeletons
  A centaur skeleton (D:10)
  8 orc priests
  3 hounds
  13 hell rats
  4 iguanas
  6 orc wizards
  11 worker ants
  Natasha (thrice) (D:3)
  An ogre skeleton (D:8)
  A hound zombie (D:9)
  A howler monkey zombie (D:6)
  7 gnolls
  7 adders
  A hound simulacrum (D:9)
  A worker ant simulacrum (D:9)
  2 ufetubi (D:9)
  An ooze (D:2)
  An adder skeleton (D:4)
  A worm (D:2)
  An adder simulacrum (D:9)
  4 dart slugs
  4 leopard geckos
  35 orcs
  2 ball pythons
  6 bats
  7 giant cockroaches
  6 hobgoblins
  9 jackals
  3 kobolds
  7 quokkas
  5 frilled lizards
  A giant cockroach zombie (D:5)
  2 goblins
  An orc skeleton (D:8)
  5 rats
406 creatures vanquished.

Vanquished Creatures (collateral kills)
  2 elephants (Lair:5)
  A black mamba (Lair:1)
  2 nagas (Lair:2)
  A crocodile (Lair:1)
  A wolf (Lair:6)
  A bullfrog (Lair:1)
8 creatures vanquished.

Vanquished Creatures (others)
  An adder (D:9)
  12 fungi
  2 plants (Lair:6)
15 creatures vanquished.

Grand Total: 429 creatures vanquished

Notes
Turn   | Place    | Note
-------+----------+-------------------------------------------
     0 | D:1      | Firecrotchwizard the Gargoyle Fighter began the quest for
                  | the Orb.
     0 | D:1      | Reached XP level 1. HP: 14/14 MP: 1/1
   232 | D:1      | Reached XP level 2. HP: 19/19 MP: 2/2
   638 | D:2      | Found a snail-covered altar of Cheibriados.
   648 | D:2      | Reached XP level 3. HP: 17/23 MP: 3/3
   854 | D:2      | Reached skill level 3 in Maces & Flails
  1047 | D:2      | Reached XP level 4. HP: 29/29 MP: 4/4
  1287 | D:3      | Found Zin's Purification Station.
  1290 | D:3      | Found a glowing silver altar of Zin.
  1427 | D:3      | Noticed a +0 hand axe
  1428 | D:3      | Noticed a +0 dagger
  1432 | D:3      | Found a hide-covered altar of Uskayaw.
  1512 | D:3      | Noticed Natasha
  1545 | D:3      | Killed Natasha
  1545 | D:3      | Reached skill level 4 in Fighting
  1545 | D:3      | Reached skill level 4 in Shields
  1652 | D:3      | Noticed Natasha
  1657 | D:3      | Killed Natasha
  1657 | D:3      | Reached XP level 5. HP: 33/33 MP: 5/5
  1708 | D:3      | Noticed Natasha
  1717 | D:3      | Killed Natasha
  1717 | D:3      | Reached skill level 4 in Maces & Flails
  1724 | D:3      | Bought a potion of curing for 90 gold pieces
  1905 | D:3      | Found a faded altar of an unknown god.
  2450 | D:4      | Reached XP level 6. HP: 39/39 MP: 6/6
  3161 | D:5      | Entered Level 5 of the Dungeon
  3170 | D:5      | Reached skill level 5 in Maces & Flails
  3182 | D:5      | Found a sparkling altar of Nemelex Xobeh.
  3210 | D:5      | Found a radiant altar of Vehumet.
  3230 | D:5      | Found a bloodstained altar of Trog.
  3238 | D:5      | Reached skill level 5 in Fighting
  3326 | D:5      | Reached skill level 5 in Shields
  3326 | D:5      | Reached XP level 7. HP: 43/44 MP: 7/7
  3338 | D:5      | Found a runed translucent gate.
  3338 | D:5      | Found a runed translucent gate.
  3338 | D:5      | Found a runed translucent gate.
  3339 | D:5      | Noticed PixelatedCat's ghost (novice OpFi)
  3362 | D:5      | Found a staircase to the Ecumenical Temple.
  3371 | Temple   | Entered the Ecumenical Temple
  3403 | Temple   | Became a worshipper of Makhleb the Destroyer
  3688 | D:5      | Found a blossoming altar of Fedhas.
  3854 | D:6      | Reached skill level 6 in Maces & Flails
  3864 | D:6      | Found a white marble altar of Elyvilon.
  3946 | D:6      | Reached XP level 8. HP: 43/51 MP: 8/8
  4025 | D:6      | Found a large runed translucent door.
  4026 | D:6      | Found a large runed translucent door.
  4029 | D:6      | Reached skill level 6 in Fighting
  4031 | D:6      | Noticed RenamonSenpai's ghost (novice DrNe)
  4217 | D:6      | Reached skill level 6 in Shields
  4219 | D:6      | Reached skill level 7 in Maces & Flails
  4341 | D:6      | Noticed Sigmund
  4354 | D:6      | Killed Sigmund
  4391 | D:6      | Noticed Menkaure
  4395 | D:6      | Killed Menkaure
  4397 | D:6      | Found a shimmering altar of Xom.
  4679 | D:6      | Killed RenamonSenpai's ghost
  4679 | D:6      | Reached skill level 8 in Maces & Flails
  4679 | D:6      | Reached XP level 9. HP: 46/56 MP: 9/9
  5027 | D:7      | Got a brightly glowing scale mail
  5098 | D:7      | Reached skill level 7 in Fighting
  5098 | D:7      | Reached skill level 7 in Shields
  5517 | D:7      | Reached * piety under Makhleb
  5544 | D:7      | Reached skill level 9 in Maces & Flails
  5950 | D:8      | Reached skill level 8 in Fighting
  5950 | D:8      | Reached skill level 8 in Shields
  6325 | D:8      | Reached XP level 10. HP: 44/64 MP: 10/10
  6336 | D:8      | Reached skill level 10 in Maces & Flails
  6457 | D:8      | Found a staircase to the Lair.
  6502 | D:8      | Noticed Grum
  6509 | D:8      | Killed Grum
  6642 | D:8      | Found a glowing golden altar of the Shining One.
  6779 | D:8      | Identified the +4 scale mail of the Vaults {Str+9 Dex-3}
                  | (You found it on level 7 of the Dungeon)
  6868 | D:8      | Reached ** piety under Makhleb
  7134 | D:8      | Reached skill level 1 in Invocations
  7293 | D:8      | Noticed Maurice
  7314 | D:8      | Killed Maurice
  7360 | D:8      | Found a basalt altar of Yredelemnul.
  7386 | D:8      | Reached skill level 9 in Fighting
  7386 | D:8      | Reached skill level 2 in Invocations
  7405 | D:8      | Reached skill level 9 in Shields
  7425 | D:8      | Reached skill level 11 in Maces & Flails
  7682 | D:9      | Reached skill level 3 in Invocations
  7732 | D:9      | Reached *** piety under Makhleb
  7830 | D:9      | Reached XP level 11. HP: 71/71 MP: 13/13
  8084 | D:9      | Found a sacrificial altar of Ru.
  8210 | D:9      | Reached skill level 4 in Invocations
  8438 | D:10     | Entered Level 10 of the Dungeon
  8513 | D:10     | Found Adaucwof's Armour Shoppe.
  8514 | D:10     | Found a staircase to the Orcish Mines.
  8545 | D:10     | Found Setosk's Weapon Shoppe.
  8585 | D:10     | Bought a +3 morningstar for 357 gold pieces
  8680 | D:10     | Reached **** piety under Makhleb
  8703 | D:10     | Reached skill level 12 in Maces & Flails
  8822 | D:10     | Reached skill level 10 in Fighting
  8854 | D:10     | Found a runed translucent door.
  8857 | D:10     | Found a runed translucent door.
  9020 | D:10     | Found a stormy altar of Qazlal.
  9043 | D:10     | Reached skill level 10 in Shields
  9043 | D:10     | Reached skill level 5 in Invocations
  9312 | Lair:1   | Entered Level 1 of the Lair of Beasts
  9660 | Lair:1   | Found a runed translucent gate.
  9660 | Lair:1   | Found a runed translucent gate.
  9660 | Lair:1   | Found a runed translucent gate.
  9662 | Lair:1   | Noticed Foxy's ghost (journeyman MfTm)
  9904 | Lair:1   | Killed Foxy's ghost
  9952 | Lair:2   | Found a runed translucent gate.
  9952 | Lair:2   | Found a runed translucent gate.
  9952 | Lair:2   | Found a runed translucent gate.
  9952 | Lair:2   | Noticed luxidream's ghost (journeyman HuAK)
  9952 | Lair:2   | Noticed Elebi's ghost (journeyman DrTm)
  9952 | Lair:2   | Noticed Gorgoleon's ghost (journeyman MiBe)
  9952 | Lair:2   | Noticed Fiulat's ghost (journeyman DsBe)
 10212 | Lair:2   | Noticed Fannar
 10252 | Lair:2   | Killed Fannar
 10252 | Lair:2   | Reached skill level 6 in Invocations
 10252 | Lair:2   | Reached XP level 12. HP: 61/78 MP: 16/16
 10452 | Lair:2   | Found a staircase to the Snake Pit.
 10996 | Lair:3   | Reached skill level 13 in Maces & Flails
 11217 | Lair:3   | Noticed Snorg
 11230 | Lair:3   | Killed Snorg
 11410 | Lair:3   | Noticed a five-headed hydra
 11418 | Lair:3   | Killed a five-headed hydra
 11682 | Lair:3   | Reached skill level 11 in Fighting
 11817 | Lair:4   | Noticed a six-headed hydra
 11827 | Lair:4   | Killed a six-headed hydra
 11827 | Lair:4   | Reached skill level 11 in Shields
 11827 | Lair:4   | Reached skill level 7 in Invocations
 12113 | Lair:4   | Found a staircase to the Shoals.
 12219 | Lair:4   | Found a gate leading to a gauntlet.
 13308 | Lair:5   | Reached XP level 13. HP: 84/84 MP: 18/18
 13386 | Lair:5   | Reached skill level 14 in Maces & Flails
 13437 | Lair:5   | Reached skill level 8 in Invocations
 13904 | Lair:5   | Found a viscous altar of Jiyva.
 13904 | Lair:5   | Found a staircase to the Slime Pits.
 14123 | Lair:6   | Entered Level 6 of the Lair of Beasts
 14256 | Lair:6   | Reached skill level 12 in Fighting
 14341 | Lair:6   | Reached skill level 12 in Shields
 14528 | Lair:6   | Reached skill level 9 in Invocations
 14649 | Lair:6   | Reached skill level 15 in Maces & Flails
 14725 | Lair:6   | Gained mutation: Your large and strong wings let you fly
                  | indefinitely. [Gargoyle growth]
 14725 | Lair:6   | Reached XP level 14. HP: 42/92 MP: 21/21
 14726 | Lair:6   | HP: 20/92 [death yak (10)]
 14727 | Lair:6   | HP: 6/92 [catoblepas (14)]
 14732 | Lair:6   | Mangled by a catoblepas

Skill      XL: |  1  2  3  4  5  6  7  8  9 10 11 12 13 |
---------------+----------------------------------------+-----
Maces & Flails | 3 4 5 6 8 9 11 12 13 15 | 15.2
Fighting       | 4 5 6 8 9 10 11 12 | 12.4
Shields        | 4 5 6 8 9 10 11 12 | 12.4
Invocations    | 3 6 7 9 |  9.4
Armour         | |  3.2

Action                   |  1- 3 |  4- 6 |  7- 9 | 10-12 | 13-15 || total
-------------------------+-------+-------+-------+-------+-------++-------
Melee: Flail             |   125 |    68 |       |       |       ||   193
       Whip              |       |    96 |   334 |   578 |       ||  1008
       Morningstar       |       |       |       |   528 |   340 ||   868
Invok: Minor Destruction |       |       |       |     9 |       ||     9
       Lesser Servant of |       |       |       |     3 |     4 ||     7
       Major Destruction |       |       |       |     1 |     1 ||     2
  Use: Scroll            |       |     2 |     6 |    17 |       ||    25
 Stab: Distracted        |       |       |       |       |     1 ||     1
  Eat: Chunk             |     1 |     7 |    13 |    19 |     6 ||    46
       Ration            |       |       |     2 |     1 |       ||     3
Armor: Scale mail        |    66 |    85 |       |   410 |   182 ||   743
       Chain mail        |       |    16 |   118 |    35 |       ||   169
Dodge: Dodged            |    31 |    44 |    39 |   258 |    72 ||   444
Block: Shield            |    78 |    77 |   125 |   485 |       ||   765
       Large shield      |       |       |       |   311 |   429 ||   740

Levels and vault maps discovered:
D:1:      lightli_molten_gateway, layout_loops_ring
D:2:      layout_rooms, kennysheep_slug_shrine, grunt_decor_clamped,
          chequers_mini_garden
D:3:      layout_loops_corners, zin_purify, tgw_sif, dancing_weapons_uskayaw,
          chequers_ecumenical_altar_simple, kennysheep_potato, uniq_natasha
D:4:      layout_gridville, first_ration
D:5:      layout_gridville, nemelex_xobeh_ov_fountains_minmay,
          old_standard_altar, fedhas_altar_1, overflow_temple_1_default,
          minmay_temple_entry_drinking_statues, gammafunk_ghost_necromancy
D:6:      layout_basic, elyvilon_altar_4, lemuel_coloured_pillars_altar,
          ebering_ghost_disaster_area, uniq_sigmund, uniq_menkaure
D:7:      layout_loops_corners
D:8:      layout_basic, lemuel_mausoleum_altar_yredelemnul, lemuel_round_altar,
          erik_lair_orcish_takeover, uniq_maurice, uniq_grum
D:9:      layout_roguey, nicolae_ru_path_of_blood, serial_ice, serial_ice_g,
          serial_ice_h, serial_ice_j, serial_ice_m, serial_ice_a, serial_ice_d,
          serial_ice_e, serial_ice_c, david_nohive_1
D:10:     lemuel_insect_pit, layout_irregular_city, orc_david_3,
          minmay_misc_feat_x, grunt_qazlal_clouds
Temple:   nicolae_temple_figure_zero
Lair:1:   layout_concentric_octagons, ebering_ghost_rock_garden
Lair:2:   layout_gridlike, minmay_snake_entry_guardpost_large,
          gammafunk_ghost_cemetery, uniq_fannar
Lair:3:   layout_cave_pods, ebering_ghost_disaster_area, serial_bayou_lagoon_a,
          uniq_snorg
Lair:4:   layout_layer_cave, elwin_shoals_entry_rocks, gauntlet_entry_generic,
          infiniplex_staircase_pool_2, grunt_megastairs_2
Lair:5:   layout_gridlike, dpeg_slime_entry_enclosed_altar
Lair:6:   grunt_lair_end_beastmaster, layout_long_grid

Table legend:
 A = Turns spent in this place as a percentage of turns spent in the entire game.
 B = Non-inter-level travel turns spent in this place as a percentage of non-inter-level travel turns spent in the entire game.
 C = Inter-level travel turns spent in this place as a percentage of turns spent in this place.
 D = Turns resting spent in this place as a percentage of non-inter-level travel turns spent in this place.
 E = Turns spent auto-exploring this place as a percentage of non-inter-level travel turns spent in this place.
 F = Non-inter-level travel turns spent in this place divided by the number of levels of this place that you've seen.
                   A       B       C       D       E      F
               +-------+-------+-------+-------+-------+----------------------
         Total | 100.0 | 100.0 |   3.1 |  14.3 |  62.3 | 839.5
       Dungeon |  62.9 |  63.2 |   2.7 |  12.5 |  63.3 | 901.7
        Temple |   0.3 |   0.2 |  26.7 |   0.0 |  81.8 |  33.0
          Lair |  36.8 |  36.6 |   3.7 |  17.5 |  60.4 | 870.2
               +-------+-------+-------+-------+-------+----------------------

Table legend:
 A = Kills in this place as a percentage of kills in entire the game.
 B = Kills by you in this place as a percentage of kills by you in the entire game.
 C = Kills by friends in this place as a percentage of kills by friends in the entire game.
 D = Other kills in this place as a percentage of other kills in the entire game.
 E = Experience gained in this place as a percentage of experience gained in the entire game.
 F = Experience gained in this place divided by the number of levels of this place that you have seen.
                   A       B       C       D       E      F
               +-------+-------+-------+-------+-------+----------------------
         Total | 100.0 | 100.0 | 100.0 | 100.0 | 100.0 | 3234.2
       Dungeon |  65.8 |  67.0 |   0.0 | 100.0 |  26.7 | 1467.1
          Lair |  34.2 |  33.0 | 100.0 |   0.0 |  73.3 | 6718.3
               +-------+-------+-------+-------+-------+----------------------
